 Dungeon Crawl Stone Soup version 0.28.0-53-g5a82cb258f (webtiles) character file.

Game seed: 12998081033112550370

84 SanguineChosen the Shield-Bearer (level 4, -3/28 HPs)
             Began as a Gargoyle Fighter on July 18, 2022.
             Killed from afar by an orc wizard (4 damage)
             ... with a magic dart
             ... on level 3 of the Dungeon.
             The game lasted 00:03:13 (2387 turns).

SanguineChosen the Shield-Bearer (Gargoyle Fighter) Turns: 2387, Time: 00:03:14

Health: -3/28      AC: 10    Str: 22    XL:     4   Next: 45%
Magic:  4/4        EV:  9    Int:  8    God:
Gold:   83         SH:  4    Dex:  9    Spells: 3/3 levels left

rFire   . . .      SeeInvis .   a - +0 flail
rCold   . . .      Faith    .   c - +0 buckler
rNeg    + . .      Spirit   .   b - +0 scale mail
rPois   ∞          Reflect  .   (no helmet)
rElec   +          Harm     .   (no cloak)
rCorr   .          Rampage  .   (no gloves)
Will    .....                   (no boots)
Stlth   ..........              (no amulet)
HPRegen 0.09/turn               (no ring)
MPRegen 0.09/turn               (no ring)

@: no status effects
A: sickness immunity, AC +3, negative energy resistance 1, electricity
resistance, torment resistance 1, petrification resistance
a: no special abilities


You were on level 3 of the Dungeon.
You visited 1 branch of the dungeon, and saw 3 of its levels.

You collected 83 gold pieces.

Inventory:

Hand Weapons
 a - a +0 flail (weapon)
Armour
 b - a +0 scale mail (worn)
 c - a +0 buckler (worn)
Wands
 k - a wand of charming (5)
Scrolls
 g - 3 scrolls of identify {unknown}
 h - 2 scrolls of enchant armour {unknown}
 j - a scroll of amnesia {unknown}
 m - a scroll of blinking {unknown}
Potions
 d - a potion of might
 e - 2 potions of curing {unknown}
 f - 2 potions of mutation {unknown}
 i - a potion of magic {unknown}
 l - 3 potions of invisibility {unknown}


   Skills:
 + Level 3.6 Fighting
 + Level 2.8 Maces & Flails
 + Level 4.0 Armour
 + Level 0.4 Dodging
 + Level 4.1 Shields


You had 3 spell levels left.
You didn't know any spells.
Your spell library contained the following spells:

 Spells                   Type           Power      Damage    Failure   Level
 Animate Skeleton         Necr           0%         N/A       82%         1
 Pain                     Necr           0%         1d4       82%         1
 Vampiric Draining        Necr           0%         2d6       99%         3


Dungeon Overview and Level Annotations

Branches:
Dungeon (3/15)

Altars:
Kikubaaqudgha

Shops:
D:1 [


Innate Abilities, Weirdness & Mutations

You are immune to sickness and miasma.
Your stone body is resilient. (AC +3)
You are immune to poison.
You resist negative energy. (rN+)
You are resistant to electric shocks. (rElec)
You are resistant to unholy torment.
You are immune to petrification.


Message History

The orc wizard casts a spell at you.
The magic dart hits you but does no damage.
You block the orc wizard's attack.
There is an open door, spattered with blood here.
Items here: )) ††.
The orc wizard points at you and mumbles some strange words.
You are confused.
You miss the orc wizard. The scorpion stings you.
The orc wizard mumbles some strange words.
The orc wizard flickers and vanishes!
Deactivating autopickup; reactivate with Ctrl-A.
The scorpion stings you but does no damage.
You barely miss something. Something hits you but does no damage.
The scorpion stings you. Something hits you but does no damage.
You miss something.
The scorpion stings you but does no damage.
The scorpion barely misses you. Something hits you but does no damage.
You barely miss the scorpion. The scorpion closely misses you.
Something hits you but does no damage.
You're too confused to move!
You feel less confused. The scorpion stings you. Something hits you.
The scorpion barely misses you.
You sock the scorpion!
The scorpion is moderately wounded.
Something hits you but does no damage. You block the scorpion's attack.
You hit the scorpion but do no damage.
The scorpion is moderately wounded.
Something hits you but does no damage. The scorpion stings you.
Something hits you but does no damage. The scorpion stings you!
* * * LOW HITPOINT WARNING * * *
You completely miss the scorpion.
The scorpion is moderately wounded.
The scorpion stings you.
* * * LOW HITPOINT WARNING * * *
Something hits you but does no damage.
Unknown command.
You hear some strange, mumbled words.
A magic dart appears from out of thin air!
The magic dart hits you.
You die...

... ... ... #.# ### #.#
#.# #.# ##.## ##)##
##...## ##{s.## #.....##
##..@..## ##.....##
##.......##
###.#...####.........#
...........'.........'..
#.........##.........###
#†##...#.#.##.......##
#.##.....#.###.....##
#.##.##..#.# ##...##
#.###.#...## ##+##


You could see a scorpion.

Vanquished Creatures
  3 adders
  A dart slug (D:2)
  3 orcs (D:3)
  5 bats
  3 endoplasms
  A giant cockroach (D:2)
  4 goblins
  5 hobgoblins
  5 quokkas
  8 ball pythons
  5 frilled lizards
  2 kobolds (D:1)
  7 rats
52 creatures vanquished.

Notes
Turn   | Place    | Note
-------+----------+-------------------------------------------
     0 | D:1      | SanguineChosen the Gargoyle Fighter began the quest for the
                  | Orb.
     0 | D:1      | Reached XP level 1. HP: 14/14 MP: 1/1
   251 | D:1      | Reached XP level 2. HP: 11/19 MP: 2/2
   393 | D:1      | Found Pusuumni's Antique Armour Shop.
   642 | D:1      | Found a faded altar of an unknown god.
   875 | D:1      | Reached XP level 3. HP: 23/23 MP: 3/3
  1533 | D:2      | Reached XP level 4. HP: 28/28 MP: 4/4
  2047 | D:3      | Found an ancient bone altar of Kikubaaqudgha.
  2373 | D:3      | Noticed a scorpion
  2386 | D:3      | HP: 1/28 [scorpion (6)]
  2387 | D:3      | Killed from afar by an orc wizard

Illustrated notes

Levels and vault maps discovered:
D:1:      amcnicky_arrival_double_pillar, layout_loops_ring, serial_shops,
          nicolae_shop_overgrown_old_shop, basic_ecumenical_altar
D:2:      layout_loops_ring, minivault_4
D:3:      layout_loops_corners, lemuel_coloured_pillars_altar,
          kiku_gazebo_garden_becter, gammafunk_ghost_cemetery,
          kennysheep_crisscross, minmay_rat_hole

Skill      XL: |  1  2  3  4 |
---------------+-------------+-----
Shields        | 4 |  4.1
Armour         | 4 |  4.0
Fighting       | |  3.6
Maces & Flails | |  2.8
Dodging        | |  0.4

Action                   |  1- 3 |  4- 6 || total
-------------------------+-------+-------++-------
Melee: Flail             |   125 |    52 ||   177
Armor: Scale mail        |    76 |    38 ||   114
Dodge: Dodged            |    62 |    36 ||    98
Block: Buckler           |    25 |    14 ||    39
